 Dungeon Crawl Stone Soup version 0.20.1-1-g8b1a95d (webtiles) character file.

63 Alucinor the Poker (level 3, -12/29 HPs)
             Began as a Demonspawn Berserker on Nov 10, 2017.
             Was a Believer of Trog.
             Mangled by a goblin
             ... wielding a +1 dagger of electrocution
              (20 damage)
             ... on level 2 of the Dungeon.
             The game lasted 00:10:37 (1930 turns).

Alucinor the Poker (Demonspawn Berserker)           Turns: 1930, Time: 00:10:38

Health: -12/29     AC:  2    Str: 18    XL:     3   Next: 89%
Magic:  3/3        EV: 12    Int:  8    God:    Trog [**....]
Gold:   106        SH:  0    Dex: 14    Spells: 2/2 levels left

rFire    . . .     SeeInvis .   a - +0 spear
rCold    . . .     Gourm    .   (no shield)
rNeg     . . .     Faith    .   b - +0 animal skin
rPois    +         Spirit   .   (helmet restricted)
rElec    .         Reflect  .   (no cloak)
rCorr    .         Harm     .   (no gloves)
MR       .....                  (no boots)
Stlth    +.........             (no amulet)
Regen    0.1/turn               i - ring of poison resistance
MPRegen  0.1/turn               l - +2 ring of dexterity

@: no status effects
A: antennae 1
a: Berserk, Trog's Hand, Burn Spellbooks, Renounce Religion


You were on level 2 of the Dungeon.
You worshipped Trog.
Trog was pleased with you.
You were not hungry.

You visited 1 branch of the dungeon, and saw 2 of its levels.

You collected 106 gold pieces.

Inventory:

Hand Weapons
 a - a +0 spear (weapon)
Armour
 b - a +0 animal skin (worn)
Jewellery
 i - a ring of poison resistance (left hand)
 l - a +2 ring of dexterity (right hand)
Scrolls
 d - a scroll of fog {unknown}
 e - a scroll of identify {unknown}
 g - 2 scrolls of teleportation {unknown}
 k - 2 scrolls of enchant armour {unknown}
 n - a scroll of noise {unknown}
 p - a scroll of remove curse {unknown}
Potions
 h - a potion of ambrosia {unknown}
 j - a potion of heal wounds {unknown}
 m - a potion of cancellation {unknown}
Comestibles
 c - 3 bread rations
 f - a royal jelly
 o - 4 fruits
 q - a chunk of flesh


   Skills:
 * Level 3.5 Fighting
 * Level 3.6 Polearms
 * Level 1.9 Armour
 * Level 2.2 Dodging
 - Level 0.2 Stealth


You had 2 spell levels left.
You didn't know any spells.

Dungeon Overview and Level Annotations

Branches:
Dungeon (2/15)

Altars:


Innate Abilities, Weirdness & Mutations

You have a pair of small antennae on your head.


Message History

Attack whom?
Press: ? - help, Dir - move target cursor, f - goblin
Aim: a goblin, wielding a dagger of electrocution You reach to attack!
You barely miss the goblin.
Attack whom?
Press: ? - help, Dir - move target cursor, f/p - goblin
Aim: a goblin, wielding a dagger of electrocution You closely miss the goblin.
The goblin hits you with a dagger of electrocution.
You are electrocuted!
Ouch! That really hurt!
Attack whom?
Press: ? - help, Dir - move target cursor, f/p - goblin
Aim: a goblin, wielding a dagger of electrocution You barely miss the goblin.
The goblin hits you with a dagger of electrocution.
* * * LOW HITPOINT WARNING * * *
You are electrocuted!
Ouch! That really hurt!
You die...

#################
#...............#
#...........###.#######
#..########.##.@......#
#..#......#.##.g#.....#
#..#.####.#.##..#.#..##
#.......#.#.##..# # .#
#..#.##.#.#.##..# #
#..#.##.#.#.##..#
#..#....#.#.##..#
#..######.#.#....
#.....#...#.#


You could see a goblin.

Vanquished Creatures
  An adder (D:2)
  An ooze (D:2)
  3 dart slugs (D:1)
  2 ball pythons (D:1)
  5 bats
  6 goblins
  7 hobgoblins (D:1)
  3 frilled lizards
  8 kobolds
  7 rats
43 creatures vanquished.

Notes
Turn   | Place    | Note
-------+----------+-------------------------------------------
     0 | D:1      | Alucinor the Demonspawn Berserker began the quest for the Orb.
     0 | D:1      | Reached XP level 1. HP: 18/18 MP: 1/1
   185 | D:1      | Gained mutation: You have a pair of small antennae on your head. [demonic ancestry]
   185 | D:1      | Reached XP level 2. HP: 18/24 MP: 2/2
   902 | D:1      | Reached XP level 3. HP: 29/29 MP: 3/3
  1101 | D:1      | Reached ** piety under Trog
  1930 | D:2      | Mangled by a goblin

Skill      XL: |  1  2 |
---------------+-------+-----
Polearms       | 3 |  3.6
Dodging        | 2 |  2.2
Fighting       | |  3.5
Armour         | |  1.9
Stealth        | |  0.2

Action                   || total
-------------------------++-------
Melee: Spear             ||   137
 Stab: Sleeping          ||     3
       Distracted        ||     1
  Eat: Chunk             ||     3
Armor: Animal skin       ||    19
Dodge: Dodged            ||    67
